SL
NEW AMSTERDAM DUTCHMEN @ THUNDER BAY NORTHERN LIONS BC
07/14/2032
 
TOP OF THE 1ST
New Amsterdam Dutchmen batting - Pitching for Thunder Bay Northern Lions BC : RHP Armando Marrero
Pitching: RHP Armando Marrero
Batting: LHB Takayuki Yoshikawa 0-0: Ball
1-0: Ball
2-0: Foul Ball, location: 2F
2-1: Foul Ball, location: 2F
2-2: SINGLE (Groundball, 2L) (infield hit)
Batting: LHB Carlos Campos 0-0: Called Strike
Takayuki Yoshikawa steals 2nd base
0-1: Swinging Strike
0-2: Ball
1-2: Strikes out swinging
Batting: RHB António Martínez 0-0: Ball
1-0: Fly out, F8 (Flyball, 8RS)
Batting: RHB Jon Osterman 0-0: SINGLE (Line Drive, 56)
Takayuki Yoshikawa to third
Batting: LHB SaQwan Hackett 0-0: Foul Ball, location: 2F
0-1: Swinging Strike
0-2: Ball
1-2: 3-RUN HOME RUN (Flyball, 9LD), Distance : 438 ft
Batting: LHB Félix López 0-0: Called Strike
0-1: Ball
1-1: Ball
2-1: Ball
3-1: Foul Ball, location: 2F
3-2: Foul Ball, location: 2F
3-2: Base on Balls
Batting: LHB Rafael Sánchez 0-0: Called Strike
0-1: Fly out, F8 (Flyball, 8RD)
Top of the 1st over - 3 runs, 3 hits, 0 errors, 1 left on base; New Amsterdam 3 - Thunder Bay 0
BOTTOM OF THE 1ST
Thunder Bay Northern Lions BC batting - Pitching for New Amsterdam Dutchmen : LHP Walt Coffman
Pitching: LHP Walt Coffman
Batting: LHB David Smith 0-0: Ball
1-0: Ball
2-0: Swinging Strike
2-1: SINGLE (Flyball, 89S)
Batting: RHB Joe Aller 0-0: Called Strike
0-1: Ball
1-1: SINGLE (Line Drive, 7LS)
David Smith to second
Batting: RHB António Mendoza 0-0: Ball
1-0: Swinging Strike
1-1: Ball
2-1: Ball
3-1: Foul Ball, location: 2F
3-2: Base on Balls
David Smith to third
Joe Aller to second
Batting: RHB Carlos Padilla 0-0: Ball
1-0: Foul Ball, location: 2F
1-1: Swinging Strike
1-2: Ball
2-2: Fly out, F9 (Flyball, 89D)
Runner from 3rd tags up, OUT at HOME
Joe Aller to third
António Mendoza to second
Batting: RHB Ricardo Téllez 0-0: Ball
1-0: Swinging Strike
1-1: Fly out, F8 (Flyball, 8LD)
Bottom of the 1st over - 0 runs, 2 hits, 0 errors, 2 left on base; New Amsterdam 3 - Thunder Bay 0
TOP OF THE 2ND
New Amsterdam Dutchmen batting - Pitching for Thunder Bay Northern Lions BC : RHP Armando Marrero
Batting: RHB Roberto Hernández 0-0: Ball
1-0: Ball
2-0: Foul Ball, location: 2F
2-1: Fly out, F7 (Line Drive, 7)
Batting: RHB Mario Rivera 0-0: Ball
1-0: Ground out 5-3 (Groundball, 5)
Batting: LHB Takayuki Yoshikawa 0-0: Foul Ball, location: 2F
0-1: Called Strike
0-2: Ball
1-2: Ball
2-2: Strikes out swinging
Top of the 2nd over - 0 runs, 0 hits, 0 errors, 0 left on base; New Amsterdam 3 - Thunder Bay 0
BOTTOM OF THE 2ND
Thunder Bay Northern Lions BC batting - Pitching for New Amsterdam Dutchmen : LHP Walt Coffman
Batting: LHB Luis Freitas 0-0: SINGLE (Groundball, 4D)
Batting: RHB Augusto Encarnación 0-0: Ball
1-0: Called Strike
1-1: Ball
2-1: Swinging Strike
2-2: SINGLE (Groundball, 15) (infield hit)
Luis Freitas to second
Batting: RHB Bartolo Morales 0-0: Fielders Choice at 2nd, 6-4 (Groundball, 6)
Luis Freitas to third
Batting: RHB Rafael Pueblo 0-0: Foul Ball, location: 2F
0-1: Fly out, F7 (Line Drive, 78M)
Runner from 3rd tags up, SCORES, throw made
Batting: LHB David Smith 0-0: Ball
1-0: Ground out 5-3 (Groundball, 56S)
Bottom of the 2nd over - 1 run, 2 hits, 0 errors, 1 left on base; New Amsterdam 3 - Thunder Bay 1
TOP OF THE 3RD
New Amsterdam Dutchmen batting - Pitching for Thunder Bay Northern Lions BC : RHP Armando Marrero
Batting: LHB Carlos Campos 0-0: Ball
1-0: Swinging Strike
1-1: SINGLE (Groundball, 4MD)
Batting: RHB António Martínez 0-0: DOUBLE (Line Drive, 7LM)
Carlos Campos to third
Runner from 3rd tries for Home, SAFE, no throw
Batting: RHB Jon Osterman 0-0: DOUBLE (Line Drive, 78XD)
António Martínez scores
Batting: LHB SaQwan Hackett 0-0: Ball
1-0: SINGLE (Flyball, 89M)
Jon Osterman to third
Runner from 3rd tries for Home, SAFE, no throw
Batting: LHB Félix López 0-0: Foul Ball, location: 2F
0-1: Called Strike
0-2: Ball
1-2: Ball
2-2: Ball
3-2: Strikes out swinging
Batting: LHB Rafael Sánchez 0-0: Ball
1-0: Ball
2-0: Called Strike
2-1: Ball
3-1: Foul Ball, location: 2F
3-2: 2-RUN HOME RUN (Flyball, 89XD), Distance : 389 ft
Batting: RHB Roberto Hernández 0-0: Ball
1-0: Called Strike
1-1: Foul Ball, location: 2F
1-2: Ball
2-2: Foul Ball, location: 2F
2-2: Ball
3-2: SINGLE (Groundball, 6) (infield hit)
Batting: RHB Mario Rivera 0-0: Ball
1-0: Fly out, F9 (Flyball, 9LS)
Batting: LHB Takayuki Yoshikawa 0-0: Called Strike
0-1: Ball
Wild Pitch!
Roberto Hernández to second
1-1: Ball
2-1: Foul Ball, location: 2F
2-2: Fly out, F8 (Flyball, 8LM)
Top of the 3rd over - 5 runs, 6 hits, 0 errors, 1 left on base; New Amsterdam 8 - Thunder Bay 1
BOTTOM OF THE 3RD
Thunder Bay Northern Lions BC batting - Pitching for New Amsterdam Dutchmen : LHP Walt Coffman
Batting: RHB Joe Aller 0-0: Called Strike
0-1: SINGLE (Flyball, 9LM)
Batting: RHB António Mendoza 0-0: Foul Ball, location: 2F
0-1: Swinging Strike
0-2: Ball
1-2: Fly out, F6 (Popup, 6MS)
Batting: RHB Carlos Padilla 0-0: Ball
1-0: Called Strike
1-1: SINGLE (Flyball, 9LS)
Joe Aller to second
Runner from 2nd tries for 3rd, SAFE, throw made to third
Batting: RHB Ricardo Téllez 0-0: Ball
1-0: Called Strike
1-1: Swinging Strike
1-2: Ball
2-2: Ball
3-2: Base on Balls
Carlos Padilla to second
Batting: LHB Luis Freitas 0-0: Foul Ball, location: 2F
0-1: Fielders Choice at 2nd, 3-6 (Groundball, 3)
Joe Aller scores
Carlos Padilla to third
Batting: RHB Augusto Encarnación 0-0: Ground out 1-3 (Groundball, 13S)
Bottom of the 3rd over - 1 run, 2 hits, 0 errors, 2 left on base; New Amsterdam 8 - Thunder Bay 2
TOP OF THE 4TH
New Amsterdam Dutchmen batting - Pitching for Thunder Bay Northern Lions BC : RHP Armando Marrero
Batting: LHB Carlos Campos 0-0: Swinging Strike
0-1: Ground out 6-3 (Groundball, 6)
Batting: RHB António Martínez 0-0: SOLO HOME RUN (Flyball, 7LD), Distance : 379 ft
Batting: RHB Jon Osterman 0-0: SINGLE (Flyball, 7S)
Batting: LHB SaQwan Hackett 0-0: SINGLE (Groundball, 4MD)
Jon Osterman to second
Runner from 2nd tries for 3rd, SAFE, no throw
Batting: LHB Félix López 0-0: Ball
1-0: Called Strike
1-1: Ball
2-1: Ball
3-1: Base on Balls
SaQwan Hackett to second
Batting: LHB Rafael Sánchez 0-0: Ball
1-0: Called Strike
1-1: Called Strike
1-2: Strikes out swinging
Batting: RHB Roberto Hernández 0-0: Ball
1-0: Swinging Strike
1-1: Called Strike
1-2: Ball
2-2: Strikes out swinging
Top of the 4th over - 1 run, 3 hits, 0 errors, 3 left on base; New Amsterdam 9 - Thunder Bay 2
BOTTOM OF THE 4TH
Thunder Bay Northern Lions BC batting - Pitching for New Amsterdam Dutchmen : LHP Walt Coffman
Batting: RHB Bartolo Morales 0-0: Called Strike
0-1: Fly out, F5 (Popup, 56)
Batting: RHB Rafael Pueblo 0-0: Ball
1-0: Ball
2-0: Fly out, F7 (Flyball, 7LS)
Batting: LHB David Smith 0-0: Ball
1-0: Called Strike
1-1: Fly out, F5 (Flyball, 5D)
Bottom of the 4th over - 0 runs, 0 hits, 0 errors, 0 left on base; New Amsterdam 9 - Thunder Bay 2
TOP OF THE 5TH
New Amsterdam Dutchmen batting - Pitching for Thunder Bay Northern Lions BC : RHP Armando Marrero
Batting: RHB Mario Rivera 0-0: Ball
1-0: Foul Ball, location: 2F
1-1: Ball
2-1: DOUBLE (Line Drive, 89XD)
Batting: LHB Takayuki Yoshikawa 0-0: Ball
1-0: Foul Ball, location: 2F
1-1: Ball
2-1: SINGLE (Groundball, 4D)
Mario Rivera to third
Throwing error, E8
Mario Rivera scores
Takayuki Yoshikawa to second
Batting: LHB Carlos Campos 0-0: SINGLE (Line Drive, 89M)
Takayuki Yoshikawa to third
Runner from 3rd tries for Home, SAFE, no throw
Batting: RHB António Martínez 0-0: Ball
1-0: Fly out, F7 (Flyball, 78M)
Batting: RHB Jon Osterman 0-0: Ball
1-0: Ball
2-0: Ball
3-0: Called Strike
3-1: Base on Balls
Carlos Campos to second
Batting: LHB SaQwan Hackett 0-0: Ball
1-0: SINGLE (Groundball, 34) (infield hit)
Carlos Campos to third
Jon Osterman to second
Pitching: LHP Norberto Quintana
Batting: LHB Félix López 0-0: Called Strike
0-1: Ball
1-1: Ball
2-1: Ball
3-1: Called Strike
3-2: Foul Ball, location: 2F
3-2: Foul Ball, location: 2F
3-2: Strikes out swinging
Batting: LHB Rafael Sánchez 0-0: DOUBLE (Line Drive, 9D)
Carlos Campos scores
Jon Osterman scores
SaQwan Hackett to third
Runner from 3rd tries for Home, SAFE, throw made at trailing runner, OUT at third!
Top of the 5th over - 5 runs, 5 hits, 1 error, 0 left on base; New Amsterdam 14 - Thunder Bay 2
BOTTOM OF THE 5TH
Thunder Bay Northern Lions BC batting - Pitching for New Amsterdam Dutchmen : LHP Walt Coffman
Batting: RHB Joe Aller 0-0: Called Strike
0-1: Foul Ball, location: 2F
0-2: Ground out 5-3 (Groundball, 56S)
Batting: RHB António Mendoza 0-0: Foul Ball, location: 2F
0-1: Ball
1-1: Ball
2-1: Swinging Strike
2-2: Ball
3-2: Ground out 3-1 (Groundball, 34S)
Batting: RHB Carlos Padilla 0-0: Ground out 4-3 (Groundball, 4)
Bottom of the 5th over - 0 runs, 0 hits, 0 errors, 0 left on base; New Amsterdam 14 - Thunder Bay 2
TOP OF THE 6TH
New Amsterdam Dutchmen batting - Pitching for Thunder Bay Northern Lions BC : LHP Norberto Quintana
Batting: RHB Roberto Hernández 0-0: Swinging Strike
0-1: Ball
1-1: SINGLE (Flyball, 7LM)
Batting: RHB Mario Rivera 0-0: SINGLE (Line Drive, 4D)
Roberto Hernández to second
Batting: LHB Takayuki Yoshikawa 0-0: Swinging Strike
0-1: Foul Ball, location: 2F
0-2: Strikes out swinging
Batting: LHB Carlos Campos 0-0: Ball
1-0: Fielders Choice at 2nd, 4-6 (Groundball, 4)
Roberto Hernández to third
Batting: RHB António Martínez 0-0: Called Strike
0-1: Ball
1-1: Ball
2-1: SINGLE (Groundball, 6MD)
Roberto Hernández scores
Carlos Campos to second
Batting: RHB Jon Osterman 0-0: Called Strike
0-1: SINGLE (Line Drive, 56D)
Carlos Campos to third
António Martínez to second
Runner from 3rd tries for Home, SAFE, no throw
Batting: LHB SaQwan Hackett 0-0: Ball
1-0: Called Strike
1-1: Foul Ball, location: 2F
1-2: Foul Ball, location: 2F
1-2: Ball
2-2: Foul Ball, location: 2F
2-2: Ground out 5-3 (Groundball, 56)
Top of the 6th over - 2 runs, 4 hits, 0 errors, 2 left on base; New Amsterdam 16 - Thunder Bay 2
BOTTOM OF THE 6TH
Thunder Bay Northern Lions BC batting - Pitching for New Amsterdam Dutchmen : LHP Walt Coffman
Batting: RHB Ricardo Téllez 0-0: Ball
1-0: Fly out, F9 (Flyball, 89D)
Batting: LHB Luis Freitas 0-0: Ball
1-0: Ground out 4-3 (Groundball, 4)
Pinch Hitting: LHB Yataro Kodo 0-0: Called Strike
0-1: SINGLE (Line Drive, 7LS)
Batting: RHB Bartolo Morales 0-0: Ball
1-0: Called Strike
1-1: Foul Ball, location: 2F
1-2: Fielders Choice at 2nd, 6-4 (Groundball, 6)
Bottom of the 6th over - 0 runs, 1 hit, 0 errors, 1 left on base; New Amsterdam 16 - Thunder Bay 2
TOP OF THE 7TH
New Amsterdam Dutchmen batting - Pitching for Thunder Bay Northern Lions BC : LHP Norberto Quintana
Now at 2B: Yataro Kodo
Batting: LHB Félix López 0-0: Ball
1-0: Foul Ball, location: 2F
1-1: Foul Ball, location: 2F
1-2: Ball
2-2: Fly out, F8 (Line Drive, 8LM)
Batting: LHB Rafael Sánchez 0-0: Ball
1-0: Foul Ball, location: 2F
1-1: Ground out 3-1 (Groundball, 34)
Batting: RHB Roberto Hernández 0-0: Called Strike
0-1: Ball
1-1: Swinging Strike
1-2: Fly out, F7 (Flyball, 78D)
Top of the 7th over - 0 runs, 0 hits, 0 errors, 0 left on base; New Amsterdam 16 - Thunder Bay 2
BOTTOM OF THE 7TH
Thunder Bay Northern Lions BC batting - Pitching for New Amsterdam Dutchmen : LHP Walt Coffman
Batting: RHB Rafael Pueblo 0-0: Ball
1-0: Ball
2-0: Called Strike
2-1: Fly out, F7 (Flyball, 7S)
Batting: LHB David Smith 0-0: SOLO HOME RUN (Flyball, 9D), Distance : 368 ft
Pinch Hitting: RHB Edgar Balerio 0-0: Called Strike
0-1: Fly out, F8 (Flyball, 8RS)
Batting: RHB António Mendoza 0-0: Ball
1-0: Ground out U3 (Groundball, 3D)
Bottom of the 7th over - 1 run, 1 hit, 0 errors, 0 left on base; New Amsterdam 16 - Thunder Bay 3
TOP OF THE 8TH
New Amsterdam Dutchmen batting - Pitching for Thunder Bay Northern Lions BC : LHP Norberto Quintana
Now in CF: Edgar Balerio
Batting: RHB Mario Rivera 0-0: Ball
1-0: SINGLE (Line Drive, 6MD)
Batting: LHB Takayuki Yoshikawa 0-0: Called Strike
0-1: SINGLE (Flyball, 78S)
Mario Rivera to second
Batting: LHB Carlos Campos 0-0: Ball
1-0: Grounds into double play, 4-6-3 (Groundball, 4)
Mario Rivera to third
Batting: RHB António Martínez 0-0: Ball
1-0: Foul Ball, location: 2F
1-1: Foul Ball, location: 2F
1-2: SINGLE (Groundball, 6MD)
Mario Rivera scores
Batting: RHB Jon Osterman 0-0: Ball
1-0: Called Strike
1-1: Ball
2-1: DOUBLE (Line Drive, 7LS)
António Martínez to third
Runner from 3rd tries for Home, SAFE, no throw
Pinch Hitting: LHB Sal Bradshaw 0-0: Foul Ball, location: 2F
0-1: Ball
1-1: Ball
2-1: Fly out, F8 (Line Drive, 8RM)
Top of the 8th over - 2 runs, 4 hits, 0 errors, 1 left on base; New Amsterdam 18 - Thunder Bay 3
BOTTOM OF THE 8TH
Thunder Bay Northern Lions BC batting - Pitching for New Amsterdam Dutchmen : LHP Walt Coffman
Now at 1B: David Elías
Batting: RHB Carlos Padilla 0-0: Ball
1-0: Ball
2-0: Foul Ball, location: 2F
2-1: Foul Ball, location: 2F
2-2: Ground out 5-3 (Groundball, 25)
Batting: RHB Ricardo Téllez 0-0: Fly out, F6 (Line Drive, 6)
Batting: LHB Luis Freitas 0-0: Ball
1-0: Ball
2-0: Called Strike
2-1: Foul Ball, location: 2F
2-2: DOUBLE (Line Drive, 89D)
Pinch Hitting: RHB Denis Higgins 0-0: Called Strike
0-1: Foul Ball, location: 2F
0-2: Foul Ball, location: 2F
0-2: Foul Ball, location: 2F
0-2: Ball
1-2: Ball
Wild Pitch!
Luis Freitas to third
2-2: Ball
3-2: Base on Balls
Pitching: RHP Vincente Ortíz
Batting: RHB Bartolo Morales 0-0: Fielders Choice at 2nd, U6 (Groundball, 6M)
Bottom of the 8th over - 0 runs, 1 hit, 0 errors, 2 left on base; New Amsterdam 18 - Thunder Bay 3
TOP OF THE 9TH
New Amsterdam Dutchmen batting - Pitching for Thunder Bay Northern Lions BC : LHP Norberto Quintana
Now at 2B: Denis Higgins
Batting: LHB Félix López 0-0: Called Strike
0-1: Foul Ball, location: 2F
0-2: Foul Ball, location: 2F
0-2: Ball
1-2: Ball
2-2: Fly out, F1 (Line Drive, 13S)
Batting: LHB Rafael Sánchez 0-0: Called Strike
0-1: Ball
1-1: Foul Ball, location: 2F
1-2: Strikes out looking
Batting: RHB Roberto Hernández 0-0: Fly out, F5 (Line Drive, 5)
Top of the 9th over - 0 runs, 0 hits, 0 errors, 0 left on base; New Amsterdam 18 - Thunder Bay 3
BOTTOM OF THE 9TH
Thunder Bay Northern Lions BC batting - Pitching for New Amsterdam Dutchmen : RHP Vincente Ortíz
Batting: RHB Rafael Pueblo 0-0: Called Strike
0-1: Foul Ball, location: 2F
0-2: Ground out 6-3 (Groundball, 6)
Batting: LHB David Smith 0-0: Ball
1-0: Ball
2-0: Ball
3-0: Called Strike
3-1: Base on Balls
Batting: RHB Edgar Balerio 0-0: SINGLE (Line Drive, 89M)
David Smith to second
Batting: RHB António Mendoza 0-0: Called Strike
0-1: Foul Ball, location: 2F
0-2: Ball
1-2: Ball
2-2: SINGLE (Line Drive, 6D)
David Smith to third
Edgar Balerio to second
Batting: RHB Carlos Padilla 0-0: Called Strike
0-1: Called Strike
0-2: Foul Ball, location: 2F
0-2: Fly out, F4 (Flyball, 34D)
Batting: RHB Ricardo Téllez 0-0: SINGLE (Line Drive, 78S)
David Smith scores
Edgar Balerio to third
António Mendoza to second
Batting: LHB Luis Freitas 0-0: Called Strike
0-1: Called Strike
0-2: Ball
1-2: Fielders Choice at 2nd, U4 (Groundball, 4M)
Bottom of the 9th over - 1 run, 3 hits, 0 errors, 3 left on base; New Amsterdam 18 - Thunder Bay 4
Wednesday, September 19th, 2018 - OOTP Baseball 18.8 Build 76